 Dungeon Crawl Stone Soup version 0.22.0-18-ge075c0de6d (webtiles) character file.

1394 Kniotic the Conjurer (level 8, -2/57 HPs)
             Began as a Demigod Conjurer on Aug 18, 2018.
             Slain by a sky beast (7 damage)
             ... on level 7 of the Dungeon.
             The game lasted 00:13:21 (6592 turns).

Kniotic the Conjurer (Demigod Conjurer)             Turns: 6592, Time: 00:13:21

Health: -2/57      AC:  7    Str: 16    XL:     8   Next: 18%
Magic:  4/21       EV: 12    Int: 23    God:
Gold:   370        SH:  0    Dex: 16    Spells: 10/19 levels left

rFire    . . .     SeeInvis .   d - +1 short sword (venom)
rCold    . . .     Gourm    .   (no shield)
rNeg     . . .     Faith    .   a - +0 robe
rPois    +         Spirit   .   i - +2 helmet
rElec    .         Reflect  .   p - +0 cloak
rCorr    .         Harm     +   B - +0 pair of gloves
MR       .....                  (no boots)
Stlth    +++.......             E - amulet of harm
HPRegen  0.19/turn              A - ring of poison resistance
MPRegen  0.17/turn              x - ring of stealth

@: mighty
A: high mp 1
a: no special abilities


You were on level 7 of the Dungeon.
You were not hungry.

You visited 1 branch of the dungeon, and saw 7 of its levels.

You collected 370 gold pieces.

Inventory:

Hand Weapons
 d - a +1 short sword of venom (weapon)
Missiles
 q - a throwing net (quivered)
Armour
 a - a +0 robe (worn)
 i - a +2 helmet (worn)
 p - a +0 cloak (worn)
 B - a +0 pair of gloves (worn)
Jewellery
 x - a ring of stealth (right hand)
 z - an uncursed ring of flight
 A - a ring of poison resistance (left hand)
 E - an amulet of harm (around neck)
 F - the cursed necklace of Bloodlust {*Rage +Rage MR++ Int-3 Slay+6 *Curse}
   (You found it on level 7 of the Dungeon)

   [amulet of rage]

   It affects your intelligence (-3).
   It affects your accuracy and damage with ranged weapons and melee attacks
   (+6).
   It affects your resistance to hostile enchantments.
   It lets you go berserk.
   It may make you go berserk in combat.
   It curses itself when equipped.
   It has a curse placed upon it.
Wands
 r - a wand of polymorph (3)
 y - a wand of disintegration (15)
 H - a wand of iceblast (13)
Scrolls
 b - 2 scrolls of magic mapping {unknown}
 e - a scroll of blinking {unknown}
 f - 4 scrolls of identify {unknown}
 g - a scroll of teleportation {unknown}
 h - a scroll of random uselessness {unknown}
 j - 6 scrolls of remove curse
 k - a scroll of amnesia {unknown}
 m - a scroll of fear {unknown}
 s - a scroll of fog {unknown}
 w - 2 scrolls of noise {unknown}
 G - a scroll of silence {unknown}
Potions
 l - 2 potions of might
 n - a potion of degeneration
 o - a potion of cancellation {unknown}
 t - a potion of flight {unknown}
 u - a potion of invisibility {unknown}
 v - 3 potions of resistance {unknown}
 C - a potion of berserk rage {unknown}
Comestibles
 c - 11 rations
 D - a chunk of flesh


   Skills:
 - Level 1.7 Dodging
 - Level 1.7 Stealth
 + Level 6.3 Spellcasting
 + Level 7.7 Conjurations


You had 10 spell levels left.
You knew the following spells:

 Your Spells              Type           Power        Failure   Level  Hunger
a - Magic Dart            Conj           ####         1%          1    None
b - Iskenderun's Mystic   Conj           #####...     3%          4    ###....
c - Fulminant Prism       Conj/Hex       ####......   17%         4    ###....

Your spell library contained the following spells:

 Spells                   Type           Power        Failure   Level  Hunger
 Flame Tongue             Conj/Fire      ####.        1%          1    None
 Searing Ray              Conj           #####.       1%          2    None
 Throw Flame              Conj/Fire      ####..       2%          2    None
 Conjure Flame            Conj/Fire      ####....     4%          3    #......
 Dazzling Spray           Conj/Hex       ####..       4%          3    #......
 Force Lance              Conj/Tloc      ####....     17%         4    ###....
 Sticky Flame             Conj/Fire      ####....     17%         4    ###....
 Inner Flame              Hex/Fire       #.......     24%         3    #......
 Fireball                 Conj/Fire      ####......   43%         5    #####..


Dungeon Overview and Level Annotations

Branches:
Dungeon (7/15)             Temple (0/1) D:6

Shops:
D:5 [

Annotations:
D:3 1 runed door, Grinder
D:4 1 runed door, dududu's ghost, amateur DDFi
D:5 3 runed doors, karpathia's ghost, amateur DsGl
D:7 exclusion: 2 electric eels


Innate Abilities, Weirdness & Mutations

You have an increased reservoir of magic. (+10% MP)


Message History

Confirm with . or Enter, or press ? or * to list all spells.
Aiming: Iskenderun's Mystic Blast (safe; 3% risk of failure)
Press: ? - help, Shift-Dir - straight line Something hits you but does no damage.
Unknown command.
Casting: Iskenderun's Mystic Blast (safe; 3% risk of failure)
Confirm with . or Enter, or press ? or * to list all spells.
Aiming: Iskenderun's Mystic Blast (safe; 3% risk of failure)
Press: ? - help, Shift-Dir - straight line The orb of energy hits something.
Something hits you.
* * * LOW HITPOINT WARNING * * *
Something shocks you.
* * * LOW HITPOINT WARNING * * *
Okay, then.
It was a potion of might.
You feel very mighty all of a sudden. Something hits you.
* * * LOW HITPOINT WARNING * * *
Something shocks you.
You die...

#.......# #. #.......# ##.
#.......# .. #.. #.......♣
.♣♣##.# #......♣♣ .P♣...#
##### #.......♣♣.♣♣♣... #...#
#.....♣.♣≈≈♣♣♣♣..
#####...######...♣♣♣♣♣P≈≈♣♣♣♣♣
.............@...♣♣♣P♣≈≈≈P♣.♣P
####...######....≈.≈≈.≈≈≈≈.≈.
#.{.# #...PP♣≈♣≈≈≈≈♣P≈≈ #
#...# ####♣♣♣♣♣≈≈♣♣♣♣♣♣
#...#...######## ♣♣≈P♣♣♣..
................. ♣♣≈♣♣....
.#...############ ♣≈≈♣♣....
#... ♣P.♣♣.... #.. ##....###


There were no monsters in sight!

Vanquished Creatures
  Eustachio (D:4)
  A sky beast (D:6)
  An orc warrior (D:7)
  A necrophage (D:7)
  A centaur (D:5)
  An ogre (D:5)
  2 bullfrogs
  A scorpion (D:4)
  A howler monkey (D:6)
  A bullfrog zombie (D:7)
  A hound (D:5)
  An orc priest (D:7)
  A centaur skeleton (D:5)
  Ijyb (D:3)
  4 iguanas
  Natasha (thrice) (D:4)
  An orc wizard (D:4)
  3 worker ants
  A hound zombie (D:5)
  A worker ant zombie (D:7)
  4 adders
  3 shadow imps
  An adder zombie (D:6)
  2 adder skeletons
  A worm (D:2)
  2 dart slugs
  5 leopard geckos
  15 orcs
  3 ball pythons
  2 giant cockroaches
  4 goblins
  11 hobgoblins
  3 jackals (D:1)
  9 kobolds
  2 quokkas
  6 bats
  5 frilled lizards
  A jackal skeleton (D:4)
  A jackal zombie (D:5)
  A leopard gecko zombie (D:5)
  7 rats
116 creatures vanquished.

Notes
Turn   | Place    | Note
-------+----------+-------------------------------------------
     0 | D:1      | Kniotic the Demigod Conjurer began the quest for the Orb.
     0 | D:1      | Reached XP level 1. HP: 14/14 MP: 5/5
   194 | D:1      | Reached XP level 2. HP: 20/20 MP: 2/7
   340 | D:1      | Reached skill level 4 in Conjurations
   769 | D:2      | Reached XP level 3. HP: 26/26 MP: 0/9
   884 | D:2      | Found a shattered altar of Ashenzari.
   982 | D:2      | Found a white marble altar of Elyvilon.
  1472 | D:3      | Noticed Grinder
  1491 | D:3      | HP: 1/26 [Grinder/nerve-wracking pain (4)]
  1502 | D:3      | HP: 1/26 [hobgoblin/club (1)]
  1870 | D:3      | Found an ornate altar of the Wu Jian Council.
  1997 | D:3      | Noticed Ijyb
  2015 | D:3      | Killed Ijyb
  2015 | D:3      | Reached XP level 4. HP: 33/33 MP: 3/11
  2379 | D:3      | Found a runed door.
  2549 | D:4      | Noticed Natasha
  2563 | D:4      | Killed Natasha
  2770 | D:4      | Noticed Natasha
  2788 | D:4      | Reached skill level 5 in Conjurations
  2788 | D:4      | Reached XP level 5. HP: 38/38 MP: 3/13
  2853 | D:4      | Noticed Eustachio
  2897 | D:4      | Killed Eustachio
  2897 | D:4      | Reached XP level 6. HP: 33/45 MP: 0/15
  3017 | D:4      | Found a runed door.
  3017 | D:4      | Noticed dududu's ghost (amateur DDFi)
  3077 | D:4      | Found a sacrificial altar of Ru.
  3094 | D:4      | Killed Natasha
  3325 | D:4      | Noticed Natasha
  3328 | D:4      | Killed Natasha
  3436 | D:5      | Entered Level 5 of the Dungeon
  3451 | D:5      | Learned a level 4 spell: Iskenderun's Mystic Blast
  3456 | D:5      | Learned a level 4 spell: Fulminant Prism
  3589 | D:5      | Reached skill level 6 in Conjurations
  3645 | D:5      | Found a runed gate.
  3645 | D:5      | Found a runed gate.
  3645 | D:5      | Found a runed gate.
  3646 | D:5      | Noticed karpathia's ghost (amateur DsGl)
  3741 | D:5      | Reached XP level 7. HP: 50/50 MP: 5/17
  3853 | D:5      | Reached skill level 5 in Spellcasting
  3985 | D:5      | Found Cugog's Armour Shop.
  4094 | D:5      | Found a blossoming altar of Fedhas.
  4367 | D:5      | Found a glowing silver altar of Zin.
  4368 | D:5      | Noticed an angel
  5466 | D:6      | Found a staircase to the Ecumenical Temple.
  5533 | D:6      | Reached skill level 7 in Conjurations
  5972 | D:7      | Reached XP level 8. HP: 51/57 MP: 3/20
  6026 | D:7      | Found the cursed necklace of Bloodlust {*Rage +Rage MR++ Int-3 Slay+6 *Curse}
  6592 | D:7      | Slain by a sky beast

Skill      XL: |  1  2  3  4  5  6  7 |
---------------+----------------------+-----
Spellcasting   | 2 3 4 6 |  6.3
Conjurations   | 4 5 6 7 |  7.7
Dodging        | |  1.7
Stealth        | |  1.7

Action                   |  1- 3 |  4- 6 |  7- 9 || total
-------------------------+-------+-------+-------++-------
Melee: Unarmed           |     6 |       |       ||     6
       Short sword       |    17 |     7 |    29 ||    53
Throw: Throwing net      |     2 |       |       ||     2
 Cast: Magic Dart        |   119 |    92 |   125 ||   336
       Iskenderun's Myst |       |     1 |    18 ||    19
  Use: Potion            |     1 |       |     1 ||     2
       Scroll            |       |       |     1 ||     1
 Stab: Confused          |     1 |       |       ||     1
       Held in net/web   |     1 |       |       ||     1
       Sleeping          |       |       |     2 ||     2
  Eat: Chunk             |     4 |     1 |    11 ||    16
       Ration            |       |     1 |       ||     1
Armor: Robe              |     7 |    12 |    32 ||    51
Dodge: Dodged            |    23 |    27 |    40 ||    90
